[Event "ESP-chT Honor Division 2022"]
[Site "Linares"]
[Date "2022.09.22"]
[Round "6.11"]
[White "Trigo Urquijo, Sergio"]
[Black "Stefanova, Antoaneta"]
[Result "0-1"]
[ECO "A06"]
[WhiteElo "2402"]
[BlackElo "2472"]
[Annotator "TA"]
[PlyCount "58"]
[EventDate "2022.09.17"]
[EventType "team-tourn"]
[EventCountry "ESP"]
[SourceTitle "playchess.com"]
[Source "ChessBase"]
[SourceQuality "1"]
[TimeControl "5400+30"]

1. Nf3 d5 2. g3 g6 3. Bg2 Bg7 4. d4 Nf6 5. O-O O-O 6. c3 Bf5 7. a4 {[%emt 0:08:05] D02: 1 d4 d5 2 Nf3 sidelines, including 2...Nf6 3 g3 and 2...Nf6 3 Bf4.} a5 8. Bf4 Nh5 {[%emt 0:02:46] [#]} 9. Bg5 $146 {[%emt 0:02:00] The position is equal.} ({Predecessor:} 9. Be3 Nc6 10. h3 Nf6 11. Nbd2 Ne4 12. g4 Nxd2 13. Nxd2 Bc8 14. f4 f5 15. Qb3 {1-0 (41) Meier,G (2648)-Yankelevich,L (2413) Germany 2017}) 9... h6 10. Bc1 Qc8 11. Re1 Nf6 12. Qb3 Ra6 13. Nbd2 c5 14. dxc5 Nbd7 ({Don't take} 14... Qxc5 15. Nd4 $14) 15. Nd4 Nxc5 16. Qa3 Bd7 17. N2b3 Nxa4 18. Qxe7 Re8 19. Qa3 b5 20. Bd2 (20. Bf4 $11 {was preferrable.}) 20... Ne4 $36 {[%emt 0:05:28][%mdl 2048] Black is more active.} 21. Rad1 {[%emt 0:03:12] This move loses the game for White.} (21. Be3 $1 $11) 21... Nb6 $19 {[%emt 0:07:40] [#] Hoping for ...Nc4.} 22. Bc1 b4 23. Qa1 bxc3 {[%emt 0:04:16] aiming for ...a4.} 24. Nf3 (24. Bxe4 {was necessary.} dxe4 25. bxc3) 24... Ba4 {[%emt 0:05:49] Black is clearly winning.} 25. Nbd4 Bxd1 26. Rxd1 a4 27. e3 cxb2 28. Qxb2 a3 29. Qb3 Nc4 {[%emt 0:04:30] Weighted Error Value: White=0.58/Black=0.05 (flawless)} 0-1

[Event "ESP-chT Honor Division 2022"]
[Site "Linares"]
[Date "2022.09.22"]
[Round "6.12"]
[White "Moreno Tejera, Emilio"]
[Black "Ambartsumova, Karina"]
[Result "1/2-1/2"]
[ECO "C43"]
[WhiteElo "2411"]
[BlackElo "2386"]
[Annotator "TA"]
[PlyCount "69"]
[EventDate "2022.09.17"]
[EventType "team-tourn"]
[EventCountry "ESP"]
[SourceTitle "playchess.com"]
[Source "ChessBase"]
[SourceQuality "1"]
[TimeControl "5400+30"]

1. e4 e5 2. Nf3 Nf6 3. d4 Nxe4 4. Bd3 d5 5. Nxe5 Nd7 6. Nc3 Nxc3 {[%emt 0:18:51] C43: Petroff Defence: 3 d4.} 7. bxc3 Nf6 {[%emt 0:01:09] 7...Bd6 is becoming the main line.} (7... Bd6 $11) 8. O-O $14 Be7 {[%emt 0:01:01] [#] White is slightly better.} 9. Re1 $146 ({Predecessor:} 9. c4 dxc4 10. Bxc4 O-O 11. Re1 c6 12. Bg5 Be6 13. Bxe6 fxe6 14. Qe2 Nd5 15. Bxe7 Qxe7 {1-0 (45) Medarde Santiago,L (2370)-Arias Santana,M (2368) Sada 2022}) 9... O-O 10. c4 c5 11. c3 Be6 12. cxd5 $1 {[%emt 0:10:36] White has more active pieces. The black rooks are badly placed.} Qxd5 13. Bc4 Qd6 {[%emt 0:00:15] [#]} 14. Bxe6 $1 fxe6 15. Ba3 Qc7 16. Nf3 (16. Qb3 {keeps more tension.} Nd5 17. c4 Nf4 18. g3) 16... cxd4 17. Bxe7 Qxe7 18. Nxd4 e5 19. Qb3+ Kh8 20. Ne6 Rf7 21. Ng5 (21. Rxe5 $16 {[%cal Oe6g5] And now Ng5! would win.} Ng4 22. Re2 (22. Rg5 Nxf2 23. Qd5 Qf6 $11)) 21... Rff8 $11 22. Ne6 ({White should try} 22. Re2 $11) 22... Rf7 $16 23. h3 (23. Rxe5 $16 {[%cal Oe6g5] Ng5! is the strong threat.} Qd6 24. Ng5) 23... e4 $1 $11 24. Re3 h6 {[%emt 0:08:49] Inhibits Ng5.} 25. Rae1 Re8 26. Nf4 {[%emt 0:01:46] [#] Threatens to win with Ng6+.} Qc7 27. Nd5 Nxd5 28. Qxd5 Rfe7 29. Qb3 b6 30. Qc2 Qc5 31. R1e2 Qc4 32. Kh1 Rf8 33. Kg1 Rfe8 34. Kh1 Rf8 35. Kg1 {[%emt 0:00:30] Weighted Error Value: White=0.18 (very precise) /Black=0.11 (very precise)} 1/2-1/2

[Event "ESP-chT Honor Division 2022"]
[Site "Linares"]
[Date "2022.09.22"]
[Round "6.14"]
[White "Nihal Sarin"]
[Black "Gukesh D"]
[Result "1/2-1/2"]
[ECO "D38"]
[WhiteElo "2677"]
[BlackElo "2726"]
[Annotator "TA"]
[PlyCount "61"]
[EventDate "2022.09.17"]
[EventType "team-tourn"]
[EventCountry "ESP"]
[SourceTitle "playchess.com"]
[Source "ChessBase"]
[SourceQuality "1"]
[TimeControl "5400+30"]

1. d4 Nf6 2. Nf3 d5 3. c4 e6 4. Nc3 Bb4 5. Bg5 h6 6. Bxf6 Qxf6 7. e3 O-O 8. Rc1 dxc4 9. Bxc4 c5 {[%emt 0:00:56] D38: Queen's Gambit Declined: Ragozin Defence (4 Nf3 Bb4).} 10. dxc5 (10. Qb3 {seems wilder.} cxd4 11. Qxb4 Nc6 12. Qa3) 10... Nd7 11. O-O Nxc5 12. Nb5 {[%emt 0:00:23] [#] Hoping for a3.} Rd8 (12... Qxb2 $2 13. Rb1 Qf6 14. Rxb4 $18) 13. Qc2 {[%emt 0:04:12] Strongly threatening a3.} a6 14. Nbd4 {[%emt 0:02:16] a3 is the strong threat.} Ba5 15. Be2 Bb6 16. b4 Nd7 17. Nb3 Qe7 18. a3 Nf6 19. Ne5 Bd7 20. Nxd7 Rxd7 21. Rfd1 Nd5 {[%emt 0:03:20][%cal Od5e3] [#]} 22. Rd3 $146 ({Predecessor:} 22. e4 Rc7 23. Qb2 Rxc1 24. Rxc1 Nf4 25. Bf1 Rd8 26. g3 Nd3 27. Bxd3 Rxd3 {½-½ (27) Wolter,U-Semmler,J DESC email 2015}) 22... Rc7 23. Qd2 Rac8 24. Rxc7 Rxc7 25. Bf3 Nf6 $1 26. g3 Nd7 27. Rc3 Ne5 28. Be2 Qd7 {[%emt 0:06:56] The position is equal.} 29. Qxd7 Nxd7 30. Rxc7 Bxc7 31. Nc5 {[%emt 0:01:21] Weighted Error Value: White=0.03 (flawless) /Black=0.03 (flawless)} 1/2-1/2

[Event "ESP-chT Honor Division 2022"]
[Site "Linares"]
[Date "2022.09.22"]
[Round "6.15"]
[White "Santos Ruiz, Miguel"]
[Black "Hakobyan, Aram"]
[Result "0-1"]
[ECO "B13"]
[WhiteElo "2581"]
[BlackElo "2611"]
[Annotator "TA"]
[PlyCount "68"]
[EventDate "2022.09.17"]
[EventType "team-tourn"]
[EventCountry "ESP"]
[SourceTitle "playchess.com"]
[Source "ChessBase"]
[SourceQuality "1"]
[TimeControl "5400+30"]

1. e4 c6 2. d4 d5 3. exd5 cxd5 4. Nf3 Nc6 5. c3 e6 6. Bd3 {[%emt 0:01:28] B13: Caro-Kann: Exchange Variation and Panov-Botvinnik Attack.} Bd6 7. O-O Nge7 8. Re1 {[%emt 0:00:05] White is slightly better.} O-O 9. a4 a6 {[%emt 0:07:01] [#]} 10. Na3 $146 ({Predecessor:} 10. h3 Ng6 11. Nbd2 Bd7 12. b4 Qc7 13. Bb2 Rfe8 14. Nb3 a5 15. b5 Nce7 16. Rc1 {1-0 (66) Murphy,C (2404)-Tabatabaei,M (2664) Chennai 2022}) 10... f6 11. c4 Kh8 12. Bd2 Bc7 13. Bc3 e5 14. dxe5 d4 {[%emt 0:00:22] [#]} 15. Bd2 (15. Nxd4 $1 $14 Nxd4 16. exf6 Rxf6 17. Be4 (17. Rxe7 $2 Qxe7 18. Bxd4 Bxh2+ 19. Kf1 Rh6 $19)) 15... fxe5 16. b4 {[%emt 0:04:40] Strongly threatening b5.} (16. Ng5 $5 h6 17. b4 $11) 16... Bg4 $1 17. Be4 Qd7 (17... d3 $11 {keeps the balance.}) 18. Qb3 (18. b5 $16) 18... d3 $1 $15 {[%emt 0:05:57] Threatens to win with ...Bxf3.} 19. Re3 Bxf3 20. Bxf3 {[%emt 0:00:58] [#] White does not recover from this.} (20. Rxf3 $15 Rxf3 21. gxf3) 20... Rxf3 $1 $19 21. Rxf3 {[%emt 0:01:57] [#]} e4 22. Rh3 (22. Re3 {only move.} Bf4 23. Qb2 Bxe3 24. fxe3) 22... Nd4 23. Qd1 Ne2+ {[%emt 0:00:14][%mdl 1024] Black has strong compensation. Pair of Knights!} 24. Kh1 Rf8 $40 {[%emt 0:00:32][%mdl 128] Black is out for blood.} 25. Be3 (25. Qe1) 25... Be5 26. Ra2 Qg4 {[%emt 0:04:13][%cal Oe2g3] White must now prevent ...Ng3+!} 27. Qf1 Nf5 28. Bc5 {[%emt 0:02:25] [#]} Nfg3+ $1 29. hxg3 {[%emt 0:00:06] [#]} (29. Rxg3 Nxg3+) 29... Nxg3+ $1 30. Rxg3 Bxg3 {[%emt 0:00:04][%mdl 64] Pin} 31. Kg1 {[%emt 0:00:32] [#]} Qh5 $1 {[%emt 0:00:15][%csl Gg3][%cal Rh5h2] Black is clearly winning.} 32. fxg3 Rxf1+ 33. Kxf1 Qd1+ 34. Kf2 d2 {[%emt 0:00:10] Weighted Error Value: White=0.61/Black=0.07 (flawless)} 0-1

[Event "ESP-chT Honor Division 2022"]
[Site "Linares"]
[Date "2022.09.22"]
[Round "6.16"]
[White "Arizmendi Martinez, Julen Luis"]
[Black "Muzychuk, Anna"]
[Result "1-0"]
[ECO "E47"]
[WhiteElo "2488"]
[BlackElo "2526"]
[Annotator "TA"]
[PlyCount "47"]
[EventDate "2022.09.17"]
[EventType "team-tourn"]
[EventCountry "ESP"]
[SourceTitle "playchess.com"]
[Source "ChessBase"]
[SourceQuality "1"]
[TimeControl "5400+30"]

1. d4 Nf6 2. c4 e6 3. Nc3 Bb4 4. e3 O-O 5. Bd3 c5 6. Nf3 d5 7. cxd5 cxd4 8. exd4 exd5 9. Ne5 Re8 {[%emt 0:01:53] B14: Caro-Kann: Panov-Botvinnik Attack with 5...e6 and 5...g6.} 10. O-O Nc6 11. Bf4 h6 {[%emt 0:12:32] [#] The position is equal.} 12. Nb5 $146 {[%emt 0:10:59] And now Nxc6 would win.} ({Predecessor:} 12. Bb5 Bd7 13. Bxc6 Bxc6 14. Nxc6 bxc6 15. Rc1 Re6 16. h3 Qa5 17. Qb3 Rae8 18. Be5 Bxc3 19. Qxc3 {½-½ (30) Prusikin,M (2516)-Bogner,S (2589) Switzerland 2018}) 12... Re7 {[%emt 0:17:20] [#]} (12... Re6 $14) 13. Rc1 $1 $16 {[%emt 0:10:46] Strongly threatening Rxc6.} a6 14. Rxc6 ({But not} 14. Nxc6 $6 bxc6 15. Nc3 Bd6 $11) 14... bxc6 15. Nxc6 {[%emt 0:00:37] Pair of Knights!} Qb6 16. Nxe7+ Bxe7 17. Qe2 (17. Nc7 $16 Ra7 18. Qc2) 17... Bd8 $14 18. Nc3 {[%emt 0:01:05][%cal Oc3d5] [#] Hoping for Nxd5! White is much more active.} Qxd4 19. Be5 $40 {[%emt 0:03:59][%mdl 128] White is up to no good.} Qg4 20. Bxf6 Qxe2 21. Bxe2 Bxf6 22. Nxd5 Bxb2 23. Rb1 $1 Be6 $2 (23... Bf6 $16) 24. Nb6 {[%emt 0:02:09] Weighted Error Value: White=0.03 (flawless) /Black=0.38} ({Not} 24. Rxb2 Bxd5 25. f3 Kf8 $11) 1-0

[Event "ESP-chT Honor Division 2022"]
[Site "Linares"]
[Date "2022.09.22"]
[Round "6.17"]
[White "Korneev, Oleg"]
[Black "Macias Pino, Diego"]
[Result "1-0"]
[ECO "C70"]
[WhiteElo "2460"]
[BlackElo "2381"]
[Annotator "TA"]
[PlyCount "89"]
[EventDate "2022.09.17"]
[EventType "team-tourn"]
[EventCountry "ESP"]
[SourceTitle "playchess.com"]
[Source "ChessBase"]
[SourceQuality "1"]
[TimeControl "5400+30"]

1. e4 e5 2. Nf3 Nc6 3. Bb5 a6 4. Ba4 b5 5. Bb3 Na5 6. O-O d6 7. d4 exd4 {[%emt 0:00:06] 7...exd4 is better than 7...Nxb3.} 8. Nxd4 Bb7 9. Bd2 Nxb3 {[%emt 0:01:53] C70: Ruy Lopez: 3...a6 4 Ba4, Norwegian and Delayed Schliemann.} 10. Nxb3 Nf6 11. Na5 Qc8 {[%emt 0:00:08] White is slightly better.} 12. Re1 {[%emt 0:00:37] Threatens to win with e5.} Be7 13. Nxb7 Qxb7 14. Nc3 {[%emt 0:00:04] [#]} ({White should play} 14. e5 $1 $14 dxe5 15. Rxe5) 14... O-O $146 ({Predecessor:} 14... c6 15. Ne2 O-O 16. Ng3 Rfe8 17. Nf5 Bf8 18. Qf3 c5 19. Bc3 Re6 20. Nh6+ Kh8 21. Nxf7+ Qxf7 22. e5 Rae8 23. exf6 Rxe1+ 24. Rxe1 Rxe1+ 25. Bxe1 Qxf6 {½-½ (25) Beveridge,C (2143)-Kuitert,C (2156) ICCF email 2018}) 15. a3 Rfe8 16. Bf4 Bf8 17. Qd3 Re6 18. f3 Rae8 19. Bg3 g6 20. Nd5 (20. Rad1 {seems wilder.} c6 21. Qd2 d5 22. exd5 cxd5 23. Qd4) 20... Nxd5 (20... Nh5 {is more complex.} 21. Bf2 c6 22. Nc3 Bg7) 21. Qxd5 Qxd5 22. exd5 Rxe1+ 23. Rxe1 {[%emt 0:00:11][%mdl 4096] Endgame KRB-KRB} Rc8 24. Kf1 Bg7 25. c3 a5 26. Ke2 b4 (26... f5 $11 {was preferrable.}) 27. Kd3 $14 bxa3 28. bxa3 Rb8 (28... Kf8 $142) 29. Re7 $16 Rc8 30. a4 (30. Re4 $142 $1) 30... Kf8 31. Re4 {[%emt 0:01:29] White is more active.} Rb8 (31... Bf6 $14) 32. Rc4 Rb7 33. Rc6 Ke7 34. Ra6 (34. Kc2 $1 $16) 34... Rb2 35. Rxa5 Rxg2 36. Ra8 (36. Ra7 $16 Kd7 37. Ra8) 36... g5 {[%emt 0:03:10] [#]} (36... Be5 $1 $11) 37. a5 $1 {[%emt 0:00:50][%cal Ba4a5,Ba5a6,Ba6a7][%mdl 32] aiming for a6.} Rg1 $2 {[%emt 0:00:34] Loses the game.} (37... Ra2 $16 {might work better.}) 38. a6 $18 Rc1 39. a7 Rxc3+ 40. Kd2 Ra3 {[%emt 0:00:52] [#] ...Bd4 is the strong threat.} 41. Bf2 {[%emt 0:00:06] Prevents Bd4.} ({Less strong is} 41. Rg8 Rxa7 42. Rxg7 h6 $16) 41... Rxf3 $2 (41... Ra2+ 42. Ke1 Ra1+ 43. Ke2 Ra2+ 44. Kf1 Be5) 42. Be3 {[%emt 0:02:19] Strongly threatening Rg8. White is clearly winning.} Rh3 43. Bxg5+ Bf6 44. Bxf6+ {[%emt 0:00:37][%mdl 64] Deflection} Kxf6 45. Re8 {[%emt 0:00:06] Weighted Error Value: White=0.14 (very precise) /Black=0.26 (precise)} 1-0

[Event "ESP-chT Honor Division 2022"]
[Site "Linares"]
[Date "2022.09.22"]
[Round "6.19"]
[White "Kryvoruchko, Yuriy"]
[Black "Fedoseev, Vladimir"]
[Result "0-1"]
[ECO "B51"]
[WhiteElo "2669"]
[BlackElo "2685"]
[Annotator "TA"]
[PlyCount "128"]
[EventDate "2022.09.17"]
[EventType "team-tourn"]
[EventCountry "ESP"]
[SourceTitle "playchess.com"]
[Source "ChessBase"]
[SourceQuality "1"]
[TimeControl "5400+30"]

1. e4 c5 2. Nf3 d6 3. Bb5+ Nc6 4. O-O Bd7 5. Re1 Nf6 6. c3 a6 7. Bf1 Bg4 8. d4 cxd4 9. cxd4 d5 10. Nc3 {[%emt 0:02:41] B51: Sicilian: Moscow Variation (3 Bb5+) without 3...Bd7.} e6 11. exd5 Nxd5 12. h3 {[%emt 0:00:07] White has an edge.} Bxf3 13. Qxf3 Bb4 14. Rd1 {[%emt 0:08:36] [#]} Nce7 $146 ({Predecessor:} 14... O-O 15. Nxd5 exd5 16. g3 Qd7 17. a3 Be7 18. Be3 Na5 19. Bd2 Nc6 20. Bg2 Rfd8 {½-½ (48) Boehme,S (2539)-Cozza,S (2416) Remote email 2012}) 15. Ne4 (15. Bd2 {keeps more tension.} Bd6 16. Bd3 O-O 17. Qe4) 15... Nf5 16. a3 Be7 17. b4 O-O 18. Bb2 Nd6 19. Nc3 Nxc3 20. Bxc3 Bf6 $1 21. d5 e5 ({But not} 21... Bxc3 22. Qxc3 Rc8 23. Qd4 $11) 22. Rac1 Bg5 23. Rc2 Rc8 24. Qe2 Re8 25. Bb2 Rxc2 26. Qxc2 f5 27. a4 e4 28. Bd4 Bf6 29. Bc5 Be5 30. a5 Qg5 31. Qa4 Re7 32. b5 axb5 33. Bxb5 h5 (33... Rc7 $5 34. a6 bxa6 $11) 34. a6 bxa6 35. Qxa6 Qg6 36. Bxd6 (36. Qb6 $11 Rb7 37. Qd8+ Kh7 38. Bc6) 36... Bxd6 $15 37. Qc8+ Kh7 38. Bd7 Qf6 39. Bxf5+ g6 40. Be6 Rc7 {[%emt 0:00:18][%mdl 1024] Black has compensation.} (40... Ra7 $5 41. Qc4 Ra1 $17) 41. Qe8 {[%emt 0:01:51] This move loses the game for White.} ({White has to play} 41. Qa8 $1 $15) 41... Ra7 $1 $19 42. Rf1 {[%emt 0:03:37] [#]} h4 $1 $40 {[%emt 0:02:48][%mdl 128] White must now prevent ...Qf4. Black attacks with force.} 43. Bg8+ Kg7 {[%emt 0:00:05] ( -> ...Qf4)} 44. Qxe4 (44. Be6 Qe5 45. g3 hxg3 46. Qg8+ Kh6 47. Rd1 g2) 44... Kxg8 45. Qe6+ Rf7 46. Qxf6 Rxf6 {[%emt 0:00:02][%mdl 4096] Endgame KRB-KR} 47. Rc1 {[%emt 0:00:10] Inhibits Bc5.} Rf5 48. Rd1 (48. Rc3 {might work better.}) 48... Kf7 {[%emt 0:00:26] And now ...Bc5 would win.} 49. Rd4 $2 (49. g3) 49... Bc5 50. Rd2 Ke7 {[%emt 0:00:11] ...Kd6 is the strong threat.} 51. Re2+ Kd7 {[%emt 0:00:07] aiming for ...Kd6.} 52. Rd2 Kd6 53. Kf1 g5 54. Kg1 Rxd5 {[%emt 0:03:14] Black mates.} 55. Rxd5+ Kxd5 {[%emt 0:00:08] KB-K3P} 56. Kf1 Ke4 57. Ke2 Bd4 58. Kf1 Kd3 59. Ke1 Be5 60. Kf1 Kd2 61. g3 hxg3 62. Kg2 {[%emt 0:00:04] [#]} Ke2 $1 ({Inferior is} 62... gxf2 63. Kxf2 Bf4 64. Kf3 $11) 63. fxg3 Bd4 64. g4 Bf2 {[%emt 0:00:06] Weighted Error Value: White=0.37/Black=0.05 (flawless)} 0-1

[Event "ESP-chT Honor Division 2022"]
[Site "Linares"]
[Date "2022.09.22"]
[Round "6.20"]
[White "Tabatabaei, M. Amin"]
[Black "Anton Guijarro, David"]
[Result "1-0"]
[ECO "E00"]
[WhiteElo "2651"]
[BlackElo "2662"]
[Annotator "TA"]
[PlyCount "87"]
[EventDate "2022.09.17"]
[EventType "team-tourn"]
[EventCountry "ESP"]
[SourceTitle "playchess.com"]
[Source "ChessBase"]
[SourceQuality "1"]
[TimeControl "5400+30"]

1. d4 Nf6 2. c4 e6 3. Bf4 Bb4+ 4. Nd2 d5 5. a3 Bxd2+ 6. Bxd2 {A50: Queen's Fianchetto Defence (1 d4 Nf6 2 c4 b6).} O-O {[#]} 7. e3 $146 ({Predecessor:} 7. Rc1 Nbd7 8. Bf4 dxc4 9. Rxc4 Nd5 10. Bg3 N7f6 11. e3 Bd7 12. Bd3 Bb5 13. Rc1 Bxd3 14. Qxd3 {0-1 (34) Strotmann,K-Krause,B Schussenried 1992}) 7... b6 8. cxd5 {The position is equal.} Qxd5 9. Be2 Bb7 (9... Qxg2 $2 10. Bf3 Bb7 11. Bxg2 $18) 10. Bf3 Ne4 11. Ne2 Nd7 12. g4 Qd6 13. Ng3 $1 Nxg3 14. hxg3 Bxf3 15. Qxf3 c5 16. Rd1 Qe7 ({But not} 16... cxd4 17. Bb4 Nc5 18. exd4 $16) 17. Bc3 f6 18. dxc5 Nxc5 19. b4 Qb7 20. Qxb7 Nxb7 21. b5 Rfd8 22. Ke2 Nd6 23. a4 Ne4 24. Bb4 f5 25. Rxd8+ Rxd8 $11 {[%mdl 4096] Endgame KRB-KRN} 26. Rc1 {Prevents Rc8. White wants to play gxf5.} Rd7 27. f3 {[#] aiming for Rc8+.} Nf6 28. Rc8+ Kf7 29. gxf5 exf5 30. Bc3 h5 31. Bd4 Nd5 32. Kd3 Nc7 33. Kc4 Ne8 {And now ...Nd6+ would win.} 34. Be5 g5 {[#]} (34... Ke7 $11 {keeps the balance.}) 35. Rc6 $1 $16 {White is more active.} g4 ({Black should try} 35... Rd1) 36. fxg4 Re7 (36... hxg4 $16 37. Rh6 Rd8) 37. Bd4 $18 fxg4 38. Rh6 Rd7 39. Rxh5 Kg6 40. Rd5 Rc7+ 41. Kd3 Ng7 42. Rd6+ Kf5 $2 (42... Kf7 $18 43. a5 bxa5) 43. e4+ Kg5 44. Be3+ {Weighted Error Value: White=0.05 (flawless) /Black=0.34} 1-0

[Event "ESP-chT Honor Division 2022"]
[Site "Linares"]
[Date "2022.09.22"]
[Round "6.21"]
[White "Kuzubov, Yuriy"]
[Black "Iturrizaga Bonelli, Eduardo"]
[Result "0-1"]
[ECO "D37"]
[WhiteElo "2627"]
[BlackElo "2630"]
[Annotator "TA"]
[PlyCount "146"]
[EventDate "2022.09.17"]
[EventType "team-tourn"]
[EventCountry "ESP"]
[SourceTitle "playchess.com"]
[Source "ChessBase"]
[SourceQuality "1"]
[TimeControl "5400+30"]

1. d4 Nf6 2. c4 e6 3. Nf3 d5 4. Nc3 Be7 5. cxd5 exd5 6. Bf4 c6 7. Qc2 Nbd7 8. h3 {[%emt 0:04:29] D35: Queen's Gambit Declined: Exchange Variation.} O-O 9. e3 b5 $5 {[%emt 0:02:28][%mdl 4] A promising side line.} 10. Bd3 {[%emt 0:01:36] White has an edge.} Bb7 11. O-O {[%emt 0:01:23] [#]} a5 $146 ({Black should play} 11... g6 $11) ({Predecessor:} 11... a6 12. Ne5 h6 13. Rfd1 c5 14. Nxd7 Qxd7 15. dxc5 Qc6 16. Ne2 Qxc5 17. Qxc5 Bxc5 {1-0 (64) Lajthajm,B (2401)-Damia,A (2242) Novi Sad 2016}) 12. Rac1 ({White should try} 12. Ne5 $14) 12... a4 13. a3 (13. Ne5 {feels hotter.} Re8 14. Ne2 Ra6 15. Ng3) 13... Rc8 14. Rfd1 g6 15. Ne5 Nxe5 16. Bxe5 Nd7 17. Bh2 f5 18. Ne2 Nb6 19. Nf4 Bd6 20. Be2 Qc7 21. Kh1 Rfe8 {[%emt 0:01:03] Prevents Ne6.} (21... Qb8 $1 $15 {stays ahead.}) 22. g4 $1 $16 g5 {[%emt 0:00:25] [#]} 23. Nh5 Bxh2 24. Qxf5 Bd6 $2 (24... Rf8 $2 25. Qxg5+ Kh8 26. f4 $18) (24... Be5 $1 $14) 25. Qxg5+ $18 Kh8 {[%emt 0:00:06] Strongly threatening ...Rf8.} 26. Qf6+ Kg8 {[%emt 0:00:04] White must now prevent ...Rf8.} 27. g5 $1 {[%emt 0:08:07][%mdl 1024] White has strong compensation.} Qe7 28. Rg1 $1 {[%emt 0:01:05] g6 is the strong threat.} Qe4+ 29. Rg2 $1 Qg6 {[%emt 0:00:06] [#] Prevents Qg7+.} 30. Bd3 $1 Re4 (30... Qxh5 31. g6 Qxh3+ 32. Kg1) 31. f3 $1 {[%emt 0:00:58][%mdl 64] Pin} (31. Bxe4 dxe4 32. Qxg6+ hxg6 33. Nf6+ Kg7 $11) 31... Be7 $2 (31... Qxh5 32. g6 Rc7 33. Qd8+ Bf8 34. gxh7+ Kxh7 35. Qxc7+ Kh8 36. fxe4 dxe4 37. Rf1) (31... Nd7 $16 {is tougher.} 32. fxe4 (32. Bxe4 dxe4 33. Qxg6+ hxg6 $11) 32... Nxf6 33. gxf6 Kf7 34. Rxg6 hxg6) 32. fxe4 Qxh5 $2 (32... Bxf6 33. gxf6 dxe4 34. Bxe4 (34. Rxg6+ hxg6 35. Bxe4 gxh5 $11) 34... Qxg2+ 35. Kxg2 Kf7) 33. Qxe7 $2 (33. Qh6 $18 Qxh6 34. gxh6+ Kf7 35. Rg7+ Ke6 36. e5) 33... Qxh3+ $11 34. Kg1 Qxe3+ 35. Kh2 Qf4+ 36. Rg3 {[%emt 0:00:33] White wants to mate with Rf1.} Qd2+ (36... Qxc1 $2 37. e5 Qd2+ 38. Kh3 Qxd3 39. Rxd3 $18) 37. Kh3 Qxc1 {[%emt 0:00:02] Really sharp!} 38. Qe6+ Kg7 39. Qf6+ Kg8 40. g6 Qh1+ 41. Kg4 h5+ (41... dxe4 $2 42. Qf7+ Kh8 43. g7#) 42. Kg5 $1 {[%emt 0:00:20] Intending Qf7+ and mate.} Qc1+ $1 (42... Rf8 43. Qe6+ (43. Qe7 Qc1+ 44. Kxh5 Qh1+ 45. Kg5 Bc8 $17) 43... Kh8 44. Kh6 (44. Qe7 Qc1+ 45. Kxh5 Qh1+ 46. Kg5 Qc1+ 47. Kh5 Qh1+ 48. Kg5 Qc1+ 49. Kh5 $11) 44... Qc1+ 45. Rg5) 43. Kxh5 {[%emt 0:00:22] Qf7+ would kill now.} Qh1+ (43... Rf8 44. Qe6+ Kg7 45. Qe7+) 44. Kg5 {[%emt 0:00:37] Threatening mate with Qf7+.} Rf8 {[%emt 0:01:25] Prevents Qf7+.} (44... dxe4 $2 {is a self mate.} 45. Qf7+ Kh8 46. g7+ Kh7 47. g8=R#) 45. Qe6+ Kg7 46. Qe7+ Kg8 47. g7 $2 (47. Qxb7 $11 Qc1+ 48. Kh5 Qh1+ 49. Kg4 Qd1+ 50. Kh4 Qh1+ 51. Rh3 Qe1+ 52. Kg4 Qd1+ 53. Kg5 Qd2+ 54. Kh5 Qd1+ 55. Kh6 Qd2+ 56. Kh5 Qd1+ 57. Kh6 Qd2+ 58. Kh5) 47... Rf7 $19 48. Qe8+ Kxg7 49. Qe5+ Kf8 50. Qd6+ {[%emt 0:00:32] [#]} Ke8 $1 {[%emt 0:00:49] aiming for ...Rg7+.} 51. e5 $2 {[%emt 0:00:45] [#]} (51. exd5 Nxd5 52. Qb8+ (52. Bg6 Qc1+ 53. Kh5 Nf4+ 54. Kh4 Nxg6+ 55. Qxg6 Qh1+ 56. Rh3 Qe1+ 57. Kh5 Qe2+ 58. Kh4 Qe7+ 59. Kh5 Kd8 $19) 52... Kd7 53. Qxb7+ Nc7 54. Bf5+ Kd6 55. Qb8 Rg7+ 56. Kf6 Qh6+ 57. Rg6 Rxg6+ 58. Bxg6 Qf4+ 59. Bf5 Qxd4+ 60. Kf7) 51... Nc8 $1 52. Qe6+ Re7 ({Inferior is} 52... Ne7 53. Bg6 Qf1 54. Bxf7+ Qxf7 55. Qxf7+ Kxf7 56. Rf3+ Ke6 57. Rf8 $11) 53. Qg8+ Kd7 54. Kf6 (54. Bf5+ $142 Kc7 55. Qf8 Qc1+ 56. Kg6) 54... Qh6+ 55. Rg6 Qf4+ 56. Bf5+ Kc7 57. Rg4 Qh6+ 58. Rg6 Qf4 59. Rg4 $1 Qf2 60. Qf8 (60. Qg5 $142 Qxb2 61. Bxc8 Qxa3 62. Be6) 60... Kb6 61. Qd8+ Ka7 {[%emt 0:00:11][%cal Oe7f7] Threatens to win with ...Rf7+!} 62. Kg6 Kb8 63. Rg5 Qh4 {[%emt 0:00:08] ( -> ...Qh7+)} 64. Qf8 Rc7 {[%emt 0:00:32] And now ...Ka7 would win.} 65. Rg4 Qe7 66. Qf6 Qh7+ 67. Kg5 Rg7+ 68. Kf4 Qh2+ 69. Kf3 Rxg4 70. Bxg4 Qxb2 71. Bxc8 Qxa3+ 72. Kf4 Qc1+ 73. Kf3 Bxc8 {[%emt 0:00:05] Black used his chance.  Weighted Error Value: White=0.48/Black=0.42} 0-1